AoeStats
← Dragon Extreme

Arabia

510254940Analyzed
1v1 RM · 1d ago on Sep 30, 2026· 45m 3s· 2 players
Game mode
Random Map
Map size
Tiny (2 player)
Population
200
Speed
Normal
Resources
Standard
Victory
Conquest
Starting age
Dark Age
Ending age
Imperial Age
RankedLock teamsTeams togetherTeam positionsShared explorationLock speedFull tech treeHidden civsTurbo modeCheats
Victory
Defeat
🇨🇴 Spanish · Colombia
1455
+16
🇺🇸 Varangians · United States
1445
-16
nemty
9:22 Feudal Age
9:35 Loom
16:50 Double-Bit Axe
23:44 Castle Age
21:59 Scale Mail Armor
22:12 Horse Collar
22:52 Forging
22:31 Arson
24:53 Chain Mail Armor
24:32 Gambesons
29:26 Iron Casting
35:53 Heavy Plow
38:14 Ballistics
40:44 Bow Saw
42:28 Masonry
43:52 Gold Mining
44:05 Stone Mining
Dragon Extreme
6:03 Loom
8:30 Feudal Age
15:05 Fletching
22:29 Castle Age
20:54 Gold Mining
21:41 Double-Bit Axe
23:08 Bodkin Arrow
23:55 Bow Saw
23:55 Padded Archer Armor
24:50 Ballistics
25:24 Leather Archer Armor
28:31 Husbandry
31:16 Stone Mining
33:01 Wheelbarrow
33:38 Fervor
34:34 Stone Shaft Mining
34:16 Hand Cart
33:46 Town Watch
34:09 Horse Collar
34:37 Herbal Medicine
35:29 Heavy Plow
36:15 Elite Skirmisher
40:21 Imperial Age
38:34 Masonry
39:07 Thumb Ring
38:40 Pikeman
38:47 Elite Skirmisher
39:34 Scale Barding Armor
39:33 Scale Mail Armor
40:12 Squires
40:32 Bloodlines
40:39 Redemption
40:50 Sanctity
40:37 Inquisition
40:43 Gambesons
41:06 Bracer
41:36 Ring Archer Armor
40:52 Halberdier
41:50 Chain Mail Armor
42:49 Theocracy
42:34 Block Printing
43:40 Chemistry
43:51 Conscription
44:03 Illumination
Connection lost

Rejoining the realm…

Still unreachable

The connection could not be restored.

Session expired

The server has moved on; the page needs a fresh start.